 Dungeon Crawl Stone Soup version 0.31-a0-234-gad7ace16ef (webtiles) character file.

Game seed: 3632205224468483162

3615 qw the Skirmisher (level 10, -3/64 HPs)
             Began as a Gargoyle Hexslinger on July 9, 2023.
             Was a Believer of Okawaru.
             Slain by a yak (5 damage)
             ... on level 8 of the Dungeon.
             The game lasted 00:03:07 (7495 turns).

qw the Skirmisher (Gargoyle Hexslinger)             Turns: 7495, Time: 00:03:08

Health: -3/64      AC: 23    Str: 11    XL:     10   Next: 11%
Magic:  12/13      EV: 13    Int: 18    God:    Okawaru [**....]
Gold:   337        SH:  0    Dex: 13    Spells: 10/11 levels left

rFire   + . .        Y - +1 orcbow
rCold   . . .        (shield currently unavailable)
rNeg    + . .        d - +4 ring mail of Ravam {rF+ Slay+2}
rPois   inf          h - +1 helmet
rElec   +            o - +0 cloak
rCorr   .            (no gloves)
SInv    .            n - +0 pair of boots
Will    +....        (no amulet)
Stlth   ++           b - ring of willpower
HPRegen 0.30/turn    (no ring)
MPRegen 0.13/turn

%: no passive effects
@: heroic
A: sickness immunity, AC +7, negative energy resistance 1, electricity
resistance, torment resistance 1, petrification resistance, hooves 2, clever 1,
clumsy 1
a: Renounce Religion, Heroism


You were on level 8 of the Dungeon.
You worshipped Okawaru.
Okawaru was pleased with you.
You visited 1 branch of the dungeon, and saw 8 of its levels.

You collected 367 gold pieces.
You spent 30 gold pieces at shops.


Innate Abilities, Weirdness & Mutations

You are immune to sickness and miasma.
Your stone body is resilient. (AC +7)
You are immune to poison.
You resist negative energy. (rN+)
You are resistant to electric shocks. (rElec)
You are resistant to unholy torment.
You are immune to petrification.
You have hoof-like feet.
Your mind is acute. (Int +4, Str/Dex -1)
You are clumsy. (Dex -2)


   Skills:
 + Level 7.9(12.9) Fighting
 - Level 11.0(16.0) Ranged Weapons
 - Level 4.0(9.0) Armour
 - Level 2.0(7.0) Dodging
 - Level 1.0 Spellcasting
 - Level 2.6 Hexes
 - Level 4.0 Invocations


You had 10 spell levels left.
You knew the following spells:

 Your Spells              Type           Power      Damage    Failure   Level
a - Slow                  Hex            40%        N/A       14%         1

Your spell library contained the following spells:

 Spells                   Type           Power      Damage    Failure   Level
 Inner Flame              Hex/Fire       5%         N/A       56%         3
 Portal Projectile        Hex/Tloc       10%        N/A       56%         3
 Cause Fear               Hex            5%         N/A       80%         4

Inventory:

Hand Weapons
 Y - a +1 orcbow (weapon)
Armour
 d - the +4 ring mail of Ravam (worn) {rF+ Slay+2}
   (You found it on level 2 of the Dungeon)

   Slay:      It affects your accuracy & damage with ranged weapons and melee
   (+2).
   rF:        It protects you from fire.
 h - a +1 helmet (worn)
 n - a +0 pair of boots (worn)
 o - a +0 cloak (worn)
Jewellery
 b - a ring of willpower (left hand)
Wands
 c - a wand of digging (4)
Scrolls
 a - a scroll of identify
 j - a scroll of enchant armour {unknown}
Potions
 e - a potion of mutation
 f - a potion of berserk rage {unknown}
 g - 2 potions of resistance
 i - 2 potions of curing
 l - 3 potions of degeneration {unknown}
 m - a potion of cancellation {unknown}

Dungeon Overview and Level Annotations

Branches:
Dungeon (8/15)             Temple (0/1) D:7
   Lair: D:8-11

Altars:
Elyvilon
Hepliaklqana
Kikubaaqudgha
Makhleb
Okawaru
Ru
Sif Muna
Trog
Wu Jian
Xom
Yredelemnul

Shops:
D:6 *

Annotations:
D:7 1 runed translucent door, qw's ghost, novice GrHs


Message History

You shoot an arrow. The arrow barely misses the yak.
The yak gores you. The yak closely misses you. The yak gores you!
You shoot an arrow. The arrow hits the yak.
The yak is heavily wounded.
The yak gores you but does no damage. The yak gores you!
The yak gores you but does no damage.
You shoot an arrow. The arrow hits the yak!
The yak is severely wounded.
The yak barely misses you. x2; The yak gores you but does no damage.
You shoot an arrow. The arrow hits the yak!
You kill the yak!
Okawaru accepts your kill. The yak closely misses you. The yak gores you!
You shoot an arrow. The arrow barely misses the yak.
The arrow hits the yak!
You kill the yak!
Okawaru accepts your kill.
You shoot an arrow. The arrow closely misses the yak.
The arrow barely misses the yak.
The yak barely misses you.
You shoot an arrow. The arrow hits the yak!
The yak is moderately wounded.
The yak gores you but does no damage. The yak gores you.
You shoot an arrow. The arrow hits the yak.
The yak is moderately wounded.
The yak misses you. The yak gores you. The yak gores you but does no damage.
You shoot an arrow. The arrow barely misses the yak.
The yak completely misses you. The yak gores you but does no damage.
The yak misses you.
You shoot an arrow. The arrow barely misses the yak.
You shoot an arrow. The arrow hits the yak.
The yak is heavily wounded.
The yak gores you. The yak gores you but does no damage.
The yak barely misses you.
You shoot an arrow. The arrow barely misses the yak.
The yak closely misses you. The yak gores you but does no damage.
The yak gores you.
You shoot an arrow. The arrow hits the yak!!
The yak is almost dead.
The yak gores you.
You die...

.## ##.. ##..
....#####..# #...
...........# ###...
...........###...#
.).##.....<.....#
...##..........# .
..###..........### ...
..##......####..Y##.....
..#....#..# ##.@YY.....
.....# #..# ###Y......
)...## #..## #.....#
....# ##..# #$...# #...#
#..# #...# #...# ##.##
#..# #...# #..# ...
#...# #..## .. ....#
##.)#


You could see 4 yaks.

Vanquished Creatures
  Sigmund (D:5)
  2 yaks (D:8)
  2 steam dragons
  Menkaure (D:4)
  2 water moccasins
  2 ice beasts
  2 orc warriors (D:7)
  A black bear (D:6)
  A hornet zombie (D:8)
  3 ogres
  2 centaurs
  3 phantoms
  5 bullfrogs
  A scorpion (D:6)
  A wight (D:8)
  3 killer bees (D:7)
  2 hounds
  6 orc priests
  A sleepcap (D:6)
  Natasha (twice) (D:3)
  Terence (D:3)
  2 iguanas
  8 orc wizards
  A killer bee zombie (D:8)
  A howler monkey zombie (D:8)
  5 adders
  4 gnolls (D:7)
  A river rat (D:5)
  2 shadow imps
  A worm (D:4)
  6 dart slugs
  26 orcs
  10 endoplasms
  6 giant cockroaches
  6 goblins
  5 hobgoblins
  11 kobolds
  5 quokkas
  4 ball pythons
  3 bats
  A frilled lizard (D:1)
  8 rats
160 creatures vanquished.

Notes
Turn   | Place    | Note
-------+----------+-------------------------------------------
     0 | D:1      | qw the Gargoyle Hexslinger began the quest for the Orb.
     0 | D:1      | Reached XP level 1. HP: 12/12 MP: 2/2
     0 | D:1      | 0 ||| qw: Version: 0.3-a-51-g015441d
     0 | D:1      | 0 ||| qw: Game counter: 4304
     0 | D:1      | 0 ||| qw: Melee chars always use a shield: true
     0 | D:1      | 0 ||| qw: God list: Okawaru
     0 | D:1      | 0 ||| qw: Allow faded altars: false
     0 | D:1      | 0 ||| qw: Do Orc after clearing Dungeon:15 true
     0 | D:1      | 0 ||| qw: Do second Lair branch before Depths: true
     0 | D:1      | 0 ||| qw: Lair rune preference: random
     0 | D:1      | 0 ||| qw: Goals: Normal
     0 | D:1      | 0 ||| PLANNING D:1-11
    76 | D:1      | Reached XP level 2. HP: 16/16 MP: 3/3
   168 | D:1      | Reached skill level 3 in Ranged Weapons
   671 | D:1      | 671 ||| FLEEEEING.
   672 | D:1      | 672 ||| FLEEEEING.
   681 | D:1      | Reached XP level 3. HP: 20/21 MP: 4/4
  1150 | D:1      | 1150 ||| READING 2 scrolls labelled YMUOSO QUDUO.
  1151 | D:1      | 1151 ||| READING scroll labelled VEBLASA CUBBU.
  1152 | D:1      | 1152 ||| DROPPING scroll of poison.
  1186 | D:2      | Identified the +4 ring mail of Ravam {rF+ Slay+2}
  1525 | D:2      | Reached XP level 4. HP: 18/26 MP: 5/5
  1574 | D:2      | Reached skill level 4 in Ranged Weapons
  1965 | D:2      | 1965 ||| UPGRADING to +4 ring mail of Ravam {rF+ Slay+2}.
  1975 | D:2      | 1975 ||| DROPPING +0 robe.
  1976 | D:2      | 1976 ||| UPGRADING to +0 helmet.
  1981 | D:2      | 1981 ||| UPGRADING to ring of willpower.
  1982 | D:2      | 1982 ||| READING scroll labelled OSUHA GENOLOT.
  1983 | D:2      | 1983 ||| READING scroll labelled FYSSOS DIVIAN.
  1984 | D:2      | 1984 ||| READING scroll labelled BUAKHU GILIPH.
  1985 | D:2      | 1985 ||| READING 2 scrolls of identify.
  1985 | D:2      | 1985 ||| IDENTIFYING murky black potion
  1986 | D:2      | 1986 ||| DROPPING potion of lignification.
  2174 | D:3      | 2174 ||| FLEEEEING.
  2175 | D:3      | 2175 ||| FLEEEEING.
  2176 | D:3      | 2176 ||| FLEEEEING.
  2177 | D:3      | 2177 ||| FLEEEEING.
  2178 | D:3      | 2178 ||| FLEEEEING.
  2179 | D:3      | 2179 ||| FLEEEEING.
  2180 | D:3      | 2180 ||| FLEEEEING.
  2181 | D:3      | 2181 ||| FLEEEEING.
  2182 | D:3      | 2182 ||| FLEEEEING.
  2183 | D:3      | 2183 ||| FLEEEEING.
  2184 | D:3      | 2184 ||| FLEEEEING.
  2185 | D:3      | 2185 ||| FLEEEEING.
  2186 | D:3      | 2186 ||| FLEEEEING.
  2187 | D:3      | 2187 ||| FLEEEEING.
  2189 | D:3      | 2189 ||| FLEEEEING.
  2190 | D:3      | 2190 ||| FLEEEEING.
  2192 | D:3      | 2192 ||| FLEEEEING.
  2193 | D:3      | 2193 ||| FLEEEEING.
  2194 | D:3      | 2194 ||| FLEEEEING.
  2195 | D:3      | 2195 ||| FLEEEEING.
  2196 | D:3      | 2196 ||| FLEEEEING.
  2197 | D:3      | 2197 ||| FLEEEEING.
  2198 | D:3      | 2198 ||| STAIRDANCE
  2220 | D:2      | 2220 ||| DRINKING 2 green potions.
  2268 | D:3      | 2268 ||| FLEEEEING.
  2270 | D:3      | Reached XP level 5. HP: 28/30 MP: 6/6
  2345 | D:3      | Noticed Terence
  2358 | D:3      | Killed Terence
  2569 | D:3      | Noticed Natasha
  2575 | D:3      | Killed Natasha
  2576 | D:3      | Reached skill level 5 in Ranged Weapons
  2623 | D:3      | Noticed Natasha
  2632 | D:3      | Killed Natasha
  2633 | D:3      | Reached XP level 6. HP: 28/36 MP: 7/7
  2702 | D:3      | Found a faded altar of an unknown god.
  2875 | D:3      | Found an iron altar of Okawaru.
  2876 | D:3      | 2876 ||| PLANNING OKAWARU WORSHIP
  2881 | D:3      | Became a worshipper of Warmaster Okawaru
  2882 | D:3      | 2882 ||| PLANNING D:1-11
  3189 | D:4      | Reached skill level 3 in Fighting
  3478 | D:4      | Found a basalt altar of Yredelemnul.
  3626 | D:4      | 3626 ||| UPGRADING to +1 helmet.
  3636 | D:4      | 3636 ||| DROPPING +0 helmet.
  3637 | D:4      | 3637 ||| READING scroll labelled IMIG AC BYPSUF.
  3640 | D:4      | 3640 ||| READING scroll labelled VALOYV ERUPTAN.
  3641 | D:4      | 3641 ||| DRINKING 2 murky dark potions.
  3641 | D:4      | Gained mutation: You are clumsy. (Dex -2) [potion of
                  | mutation]
  3641 | D:4      | Gained mutation: You have large cloven feet. [potion of
                  | mutation]
  3641 | D:4      | Gained mutation: Your mind is acute. (Int +4, Str/Dex -1)
                  | [potion of mutation]
  3641 | D:4      | Gained mutation: You have hoof-like feet. [potion of
                  | mutation]
  3642 | D:4      | 3642 ||| DRINKING 2 smoky orange potions.
  3649 | D:5      | Entered Level 5 of the Dungeon
  3650 | D:5      | 3650 ||| PLANNING SEWER
  3651 | D:5      | Noticed Menkaure
  3657 | D:5      | 3657 ||| STAIRDANCE
  3663 | D:4      | HP: 4/37 [ogre/+0 giant club (14)]
  3664 | D:4      | 3664 ||| DRINKING potion of heal wounds.
  3666 | D:4      | Reached skill level 6 in Ranged Weapons
  3723 | D:5      | 3723 ||| STAIRDANCE
  3728 | D:4      | HP: 7/37 [Menkaure (16)]
  3731 | D:4      | Killed Menkaure
  3731 | D:4      | Reached * piety under Okawaru
  3732 | D:4      | Reached XP level 7. HP: 10/44 MP: 8/8
  3889 | D:5      | You fall into a shaft and drop 1 floor!
  3904 | D:6      | Reached skill level 1 in Invocations
  3992 | D:6      | Found Guf Ygio's CLEARANCE SALE!.
  4004 | D:6      | 4004 ||| BUYING scroll of enchant weapon (30 gold).
  4004 | D:6      | Bought a scroll of enchant weapon for 30 gold pieces
  4004 | D:6      | 4004 ||| READING scroll of enchant weapon.
  4004 | D:6      | 4004 ||| ENCHANTING +1 sling.
  4053 | D:6      | 4053 ||| Stepping ~*~*~tactically~*~*~ (outnumbered).
  4068 | D:6      | Noticed a steam dragon
  4069 | D:6      | 4069 ||| INVOKING Heroism.
  4081 | D:6      | 4081 ||| INVOKING Heroism.
  4091 | D:6      | Killed a steam dragon
  4092 | D:6      | Reached skill level 3 in Invocations
  4170 | D:6      | 4170 ||| INVOKING Heroism.
  4182 | D:6      | Reached XP level 8. HP: 43/48 MP: 8/10
  4238 | D:6      | Reached skill level 7 in Ranged Weapons
  4284 | D:6      | 4284 ||| SWAPPING to +0 orcbow.
  4285 | D:6      | 4285 ||| DROPPING +2 sling.
  4286 | D:6      | 4286 ||| READING scroll labelled CUKHIB ROLO.
  4287 | D:6      | 4287 ||| READING scroll labelled PILAKK JUSE.
  4297 | D:5      | 4297 ||| RIP SEWER
  4298 | D:5      | 4298 ||| PLANNING D:1-11
  4320 | D:5      | 4320 ||| INVOKING Heroism.
  4331 | D:5      | HP: 10/48 [ice beast (10)]
  4336 | D:5      | Reached ** piety under Okawaru
  4339 | D:5      | HP: 4/48 [ogre/+0 giant spiked club (8)]
  4340 | D:5      | 4340 ||| INVOKING Heroism.
  4520 | D:5      | 4520 ||| READING scroll of enchant weapon.
  4520 | D:5      | 4520 ||| ENCHANTING +0 orcbow.
  4528 | D:5      | 4528 ||| INVOKING Heroism.
  4535 | D:5      | Reached skill level 8 in Ranged Weapons
  4574 | D:5      | Found a white marble altar of Elyvilon.
  4575 | D:5      | Found a shimmering blue altar of Sif Muna.
  4576 | D:5      | Found a sacrificial altar of Ru.
  4576 | D:5      | Found an ancient bone altar of Kikubaaqudgha.
  4577 | D:5      | Found a hazy altar of Hepliaklqana.
  4577 | D:5      | Found a shimmering altar of Xom.
  4578 | D:5      | Found a burning altar of Makhleb.
  4579 | D:5      | Found a bloodstained altar of Trog.
  4580 | D:5      | Found an ornate altar of the Wu Jian Council.
  4649 | D:5      | Noticed Sigmund
  4650 | D:5      | 4650 ||| INVOKING Heroism.
  4657 | D:5      | Killed Sigmund
  5233 | D:5      | 5233 ||| UPGRADING to +0 pair of boots.
  5238 | D:5      | 5238 ||| UPGRADING to +0 cloak.
  5312 | D:6      | 5312 ||| INVOKING Heroism.
  5320 | D:6      | Reached skill level 9 in Ranged Weapons
  5320 | D:6      | Reached XP level 9. HP: 52/55 MP: 9/12
  5379 | D:6      | Reached skill level 3 in Armour
  5474 | D:6      | Reached skill level 6 in Fighting
  5977 | D:6      | 5977 ||| DRINKING 2 silvery potions.
  5978 | D:6      | 5978 ||| READING 2 scrolls of identify.
  5978 | D:6      | 5978 ||| IDENTIFYING glowing sapphire potion
  5979 | D:6      | 5979 ||| DROPPING potion of brilliance.
  6027 | D:7      | 6027 ||| INVOKING Heroism.
  6039 | D:7      | 6039 ||| Stepping ~*~*~tactically~*~*~ (outnumbered).
  6042 | D:7      | 6042 ||| INVOKING Heroism.
  6050 | D:7      | 6050 ||| Stepping ~*~*~tactically~*~*~ (outnumbered).
  6051 | D:7      | 6051 ||| Stepping ~*~*~tactically~*~*~ (outnumbered).
  6066 | D:7      | HP: 9/55 [centaur/arrow (5)]
  6070 | D:7      | 6070 ||| INVOKING Heroism.
  6074 | D:7      | 6074 ||| FLEEEEING.
  6075 | D:7      | 6075 ||| STAIRDANCE
  6395 | D:7      | Found a runed translucent door.
  6395 | D:7      | Noticed qw's ghost (novice GrHs)
  6487 | D:7      | Reached skill level 10 in Ranged Weapons
  6496 | D:7      | 6496 ||| INVOKING Heroism.
  6670 | D:7      | Identified the staff "Butuh" {rElec rPois rF+ rCorr Fire}
  6686 | D:7      | 6686 ||| INVOKING Heroism.
  6811 | D:7      | Found a staircase to the Ecumenical Temple.
  6839 | D:7      | 6839 ||| INVOKING Heroism.
  6863 | D:7      | 6863 ||| INVOKING Heroism.
  6872 | D:7      | HP: 14/57 [orc priest/nerve-wracking pain (1)]
  6877 | D:7      | HP: 9/57 [orc warrior/+0 trident (4)]
  7114 | D:7      | 7114 ||| READING 3 scrolls of identify.
  7114 | D:7      | 7114 ||| IDENTIFYING sedimented cyan potion
  7115 | D:7      | 7115 ||| READING 2 scrolls of identify.
  7115 | D:7      | 7115 ||| IDENTIFYING viscous red potion
  7116 | D:7      | 7116 ||| DROPPING potion of attraction.
  7117 | D:7      | 7117 ||| DROPPING potion of ambrosia.
  7135 | D:8      | 7135 ||| STAIRDANCE
  7270 | D:8      | Reached skill level 11 in Ranged Weapons
  7270 | D:8      | Reached XP level 10. HP: 63/63 MP: 13/13
  7281 | D:8      | 7281 ||| INVOKING Heroism.
  7480 | D:8      | 7480 ||| INVOKING Heroism.
  7486 | D:8      | HP: 11/63 [yak (7)]
  7493 | D:8      | HP: 4/64 [yak (6)]
  7495 | D:8      | Slain by a yak

Levels and vault maps discovered:
D:1:      kennysheep_arrival_forest, layout_loops_ring, serial_forest,
          infiniplex_forest_lined_ring, infiniplex_forest_clump_tiny,
          infiniplex_forest_clump_long, infiniplex_forest_clump_cross,
          infiniplex_forest_lined_3, infiniplex_forest_split,
          infiniplex_forest_fountain, infiniplex_forest_clump_long,
          infiniplex_forest_corner_1
D:2:      layout_basic, minmay_pentomino_t4
D:3:      layout_loops_corners, hellmonk_okawaru_the_only_friend_you_need,
          basic_ecumenical_altar, uniq_natasha, uniq_terence
D:4:      layout_cave_pools, mainiacjoe_overflow_cross_hatched
D:5:      layout_basic, minitemple, gup_sewer_entry_spiral, uniq_sigmund,
          uniq_menkaure
D:6:      nicolae_cairo_tiling_very_big, layout_basic, serial_corexii_hall,
          corexii_hall_statues_x, chequers_hall_statues_y,
          nicolae_shop_clearance
D:7:      layout_basic, temple_fountains, hellmonk_ghost_happy_afterlife
D:8:      layout_layer_cave, serial_undead, serial_undead_a, serial_undead_c,
          serial_undead_b, serial_undead_c

Skill      XL: |  1  2  3  4  5  6  7  8  9 10 |
---------------+-------------------------------+-----
Ranged Weapons | 3 4 5 6 9 11 | 11.0
Fighting       | 2 4 5 7 |  7.9
Armour         | 2 3 4 |  4.0
Invocations    | 3 4 |  4.0
Dodging        | 2 |  2.0
Spellcasting   | |  1.0
Hexes          | |  2.6

Action                     |  1- 3 |  4- 6 |  7- 9 | 10-12 || total
---------------------------+-------+-------+-------+-------++-------
   Fire: Sling             |   116 |   163 |    71 |       ||   350
         Orcbow            |       |       |   341 |    43 ||   384
 Invoke: Heroism           |       |       |    15 |     2 ||    17
    Use: Scroll            |     2 |     6 |     7 |       ||    15
         Potion            |       |     4 |     1 |       ||     5
 Armour: Robe              |    12 |     2 |       |       ||    14
         Ring mail         |       |    34 |   193 |    26 ||   253
  Dodge: Dodged            |    25 |    50 |   144 |    30 ||   249

Table legend:
 A = Non-vault XP
 B = Vault XP
 C = Vault XP percentage of total XP
 D = Non-vault monster count
 E = Vault monster count
 F = Vault count percentage of total count
                 A         B        C        D         E       F
            +---------+---------+-------+---------+---------+-------
      Total |    4408 |     757 |  14.7 |     142 |      18 |  11.2
            +---------+---------+-------+---------+---------+-------
        D:1 |      46 |       0 |   0.0 |      26 |       0 |   0.0
        D:2 |      46 |      10 |  17.9 |      13 |       4 |  23.5
        D:3 |     151 |      72 |  32.3 |      18 |       2 |  10.0
        D:4 |     223 |     165 |  42.5 |      15 |       1 |   6.2
        D:5 |     691 |     258 |  27.2 |      15 |       7 |  31.8
        D:6 |    1136 |       0 |   0.0 |      21 |       0 |   0.0
        D:7 |    1624 |       0 |   0.0 |      30 |       0 |   0.0
        D:8 |     491 |     252 |  33.9 |       4 |       4 |  50.0
            +---------+---------+-------+---------+---------+-------
